 Dungeon Crawl Stone Soup version 0.31-a0-667-g39726597b9 (webtiles) character file.

Game seed: 3594571410178711064

490 jlumianski the Chopper (level 7, 0/60 HPs)
             Began as a Gnoll Cinder Acolyte on Sept 3, 2023.
             Was a High Priest of Ignis.
             Slain by a gnoll sergeant
             ... wielding a +1 vampiric trident
              (12 damage)
             ... on level 4 of the Dungeon.
             The game lasted 00:15:54 (3132 turns).

jlumianski the Chopper (Gnoll Cinder Acolyte)       Turns: 3132, Time: 00:15:55

Health: 0/60       AC:  2    Str: 13    XL:     7   Next: 14%
Magic:  5/12       EV: 12    Int: 15    God:    Ignis [*****.]
Gold:   142        SH:  0    Dex:  8    Spells: 8/13 levels left

rFire   + . .        h - +1 hand axe (venom)
rCold   + . .        (no shield)
rNeg    . . .        b - +0 robe
rPois   .            (no helmet)
rElec   .            (no cloak)
rCorr   .            (no gloves)
SInv    .            (no boots)
Will    .....        (no amulet)
Stlth   ++           j - ring of protection from cold
HPRegen 0.30/turn    (no ring)
MPRegen 0.13/turn

%: no passive effects
@: studying Shapeshifting
A: fangs 1, strong nose, distributed training
a: Renounce Religion, Fiery Armour, Foxfire Swarm, Rising Flame


You were on level 4 of the Dungeon.
You worshipped Ignis.
Ignis was extremely pleased with you.
You visited 1 branch of the dungeon, and saw 5 of its levels.

You collected 164 gold pieces.
You spent 22 gold pieces at shops.

Inventory:

Hand Weapons
 a - a -1 hand axe of flaming
 f - a +3 dagger
 h - a +1 hand axe of venom (weapon)
Missiles
 g - 17 stones (quivered)
Armour
 b - a +0 robe (worn)
 i - a +0 plate armour
 o - a +0 leather armour
Magical Staves
 l - a staff of conjuration
Jewellery
 j - a ring of protection from cold (left hand)
Scrolls
 c - a scroll of vulnerability {unknown}
 p - a scroll of noise {unknown}
Potions
 d - 3 potions of curing
 e - a potion of berserk rage
 k - a potion of might
 m - a potion of enlightenment
 n - a potion of haste


   Skills:
 + Level 7.0 Fighting
 + Level 2.3 Short Blades
 + Level 2.3 Long Blades
 + Level 7.0 Axes
 + Level 2.3 Maces & Flails
 + Level 2.3 Polearms
 + Level 2.3 Staves
 + Level 2.3 Ranged Weapons
 + Level 2.3 Throwing
 + Level 2.3 Armour
 + Level 2.3 Dodging
 + Level 2.3 Stealth
 + Level 2.3 Shields
 + Level 2.3 Unarmed Combat
 + Level 3.7 Spellcasting
 + Level 1.9 Conjurations
 + Level 1.9 Hexes
 + Level 1.9 Summonings
 + Level 1.9 Necromancy
 + Level 1.9 Translocations
 + Level 1.9 Transmutations
 + Level 5.8 Fire Magic
 + Level 1.9 Ice Magic
 + Level 1.9 Air Magic
 + Level 1.9 Earth Magic
 + Level 1.9 Poison Magic
 + Level 2.6 Invocations
 + Level 2.3 Evocations
 + Level 2.5 Shapeshifting


You had 8 spell levels left.
You knew the following spells:

 Your Spells              Type           Power      Damage    Failure   Level
a - Scorch                Fire           40%        2d6       2%          2
b - Summon Small Mammal   Summ           32%        N/A       9%          1
c - Blink                 Tloc           16%        N/A       13%         2

Your spell library contained the following spells:

 Spells                   Type           Power      Damage    Failure   Level
 Apportation              Tloc           16%        N/A       9%          1
 Necrotise                Necr           32%        1d5       9%          1
 Manifold Assault         Tloc           8%         N/A       63%         4


Dungeon Overview and Level Annotations

Branches:
Dungeon (5/15)
 Temple: D:4-7

Altars:
Dithmenos
Sif Muna
Trog

Shops:
D:5 (**[


Innate Abilities, Weirdness & Mutations

You have very sharp teeth.
Your uncanny sense of smell can sniff out nearby items.
Your experience applies equally to all skills.


Message History

The gnoll sergeant closely misses you.
Your bat hits the gnoll sergeant but does no damage.
Your bat barely misses the gnoll sergeant.
Your bat hits the gnoll sergeant but does no damage.
The gnoll sergeant closely misses your bat.
The gnoll sergeant blocks your bat's attack.
The gnoll sergeant closely misses your bat.
The gnoll sergeant blocks your bat's attack.
The gnoll sergeant hits your bat with a +1 vampiric trident!!
Your bat dies!
Your bat's corpse disappears in a puff of smoke!
Casting: Summon Small Mammal (safe; 9% risk of failure)
Confirm with . or Enter, or press ? or * to list all spells.
Nothing appears to happen.
Casting: Scorch (safe; 2% risk of failure)
Confirm with . or Enter, or press ? or * to list all spells.
Flames lash the gnoll sergeant but do no damage.
Casting: Scorch (safe; 2% risk of failure)
Confirm with . or Enter, or press ? or * to list all spells.
Flames lash the gnoll sergeant.
The gnoll sergeant is heavily wounded.
The gnoll sergeant's fire resistance burns away.
The gnoll sergeant completely misses you.
The gnoll sergeant hits you with a +1 vampiric trident.
The gnoll sergeant draws strength from your wounds!
You hit the gnoll sergeant.
The gnoll sergeant is poisoned.
The gnoll sergeant is moderately wounded.
The gnoll sergeant barely misses you.
You hit the gnoll sergeant.
The gnoll sergeant looks as sick as possible!
The gnoll sergeant is severely wounded.
The gnoll sergeant hits you with a +1 vampiric trident!
* * * LOW HITPOINT WARNING * * *
The gnoll sergeant draws strength from your wounds!
You hit the gnoll sergeant.
The gnoll sergeant looks as sick as possible!
Your bite misses the gnoll sergeant.
The gnoll sergeant is severely wounded.
The gnoll sergeant hits you with a +1 vampiric trident!
You die...

##.###...####.# #...
#.............####.#
#..................##
#..#.#....##.##......
#........##...##.#<##
#.##.#...#.##..#.#...
#.##.#...........#...
#........#..##.#.....
####@###.##...##.#.#.
#g# #..##.##..#...
#.# ##............
#.# #.........##. #.#
##........... #>#
#>......## #.#
#....<..# #.#
###.....# #.# #.###.#


You could see a gnoll sergeant (extremely poisoned, combustible).

Vanquished Creatures
  An ice beast (D:3)
  2 centaurs
  A hound (D:5)
  An orc priest (D:2)
  A jelly (D:4)
  4 adders
  3 gnolls
  2 worms (D:2)
  A dart slug (D:1)
  6 orcs (D:2)
  6 endoplasms
  A giant cockroach (D:1)
  6 goblins
  4 hobgoblins
  7 jackals
  4 quokkas
  8 ball pythons
  5 bats
  5 frilled lizards
  10 kobolds
  4 rats
82 creatures vanquished.

Notes
Turn   | Place    | Note
-------+----------+-------------------------------------------
     0 | D:1      | jlumianski the Gnoll Cinder Acolyte began the quest for the
                  | Orb.
     0 | D:1      | Reached XP level 1. HP: 23/23 MP: 4/4
    98 | D:1      | Reached XP level 2. HP: 29/29 MP: 5/5
   160 | D:1      | Learned a level 2 spell: Scorch
   183 | D:1      | Reached XP level 3. HP: 31/35 MP: 4/7
   657 | D:1      | Reached skill level 1 in Invocations
   902 | D:2      | Reached skill level 1 in Short Blades
   902 | D:2      | Reached skill level 1 in Long Blades
   902 | D:2      | Reached skill level 1 in Maces & Flails
   902 | D:2      | Reached skill level 1 in Polearms
   902 | D:2      | Reached skill level 1 in Staves
   902 | D:2      | Reached skill level 1 in Ranged Weapons
   902 | D:2      | Reached skill level 1 in Throwing
   902 | D:2      | Reached skill level 1 in Armour
   902 | D:2      | Reached skill level 1 in Dodging
   902 | D:2      | Reached skill level 1 in Stealth
   902 | D:2      | Reached skill level 1 in Shields
   902 | D:2      | Reached skill level 1 in Unarmed Combat
   902 | D:2      | Reached skill level 1 in Evocations
  1111 | D:2      | Reached XP level 4. HP: 41/41 MP: 5/8
  1122 | D:2      | Reached skill level 1 in Shapeshifting
  1198 | D:2      | Found a bloodstained altar of Trog.
  1426 | D:2      | Reached skill level 1 in Conjurations
  1426 | D:2      | Reached skill level 1 in Hexes
  1426 | D:2      | Reached skill level 1 in Summonings
  1426 | D:2      | Reached skill level 1 in Necromancy
  1426 | D:2      | Reached skill level 1 in Translocations
  1426 | D:2      | Reached skill level 1 in Transmutations
  1426 | D:2      | Reached skill level 1 in Ice Magic
  1426 | D:2      | Reached skill level 1 in Air Magic
  1426 | D:2      | Reached skill level 1 in Earth Magic
  1426 | D:2      | Reached skill level 1 in Poison Magic
  1782 | D:2      | Reached XP level 5. HP: 30/47 MP: 3/9
  1956 | D:3      | Found a shimmering blue altar of Sif Muna.
  2063 | D:3      | Learned a level 1 spell: Summon Small Mammal
  2083 | D:4      | Noticed a centaur
  2277 | D:3      | Killed a centaur
  2317 | D:4      | Reached XP level 6. HP: 24/53 MP: 8/11
  2323 | D:4      | HP: 1/53 [centaur/arrow (11)]
  2867 | D:3      | Found a shadowy altar of Dithmenos.
  2916 | D:3      | Noticed an ice beast
  2927 | D:3      | Killed an ice beast
  2931 | D:3      | Learned a level 2 spell: Blink
  3017 | D:4      | Reached XP level 7. HP: 53/59 MP: 9/12
  3023 | D:5      | Entered Level 5 of the Dungeon
  3023 | D:5      | Found Latosoja's General Store.
  3023 | D:5      | Found Illug's Weapon Shop.
  3025 | D:5      | Found Soaw's Armour Shop.
  3025 | D:5      | Found Onnire's Assorted Antiques.
  3037 | D:5      | Bought a scroll of identify for 22 gold pieces
  3132 | D:4      | Slain by a gnoll sergeant

Illustrated notes

Levels and vault maps discovered:
D:1:      dpeg_arrival_line_fractal, layout_basic, minivault_26
D:2:      cheibrodos_pilgrimage, layout_basic, basic_altar, kennysheep_boxes
D:3:      layout_rooms, mainiacjoe_overflow_alcove_2,
          mainiacjoe_overflow_cross_hatched, hangedman_decor_push, nrook_uturn
D:4:      layout_loops_cross, mainiacjoe_overflow_tiny_flanked,
          minmay_temple_entry_drinking_statues, gammafunk_ghost_cemetery,
          kennysheep_pointless_box, minmay_manual_mares, uniq_grinder
D:5:      wad_woods_stonehenge, layout_rooms, grunt_temple_overflow_open,
          gup_sewer_entry_bowl, nicolae_shop_national_dungeon_mall,
          nicolae_grassy_gnolls, uniq_menkaure

Skill      XL: |  1  2  3  4  5  6  7 |
---------------+----------------------+-----
Invocations    | 1 2 |  2.6
Short Blades   | 1 2 |  2.3
Long Blades    | 1 2 |  2.3
Maces & Flails | 1 2 |  2.3
Polearms       | 1 2 |  2.3
Staves         | 1 2 |  2.3
Ranged Weapons | 1 2 |  2.3
Throwing       | 1 2 |  2.3
Armour         | 1 2 |  2.3
Dodging        | 1 2 |  2.3
Stealth        | 1 2 |  2.3
Shields        | 1 2 |  2.3
Unarmed Combat | 1 2 |  2.3
Evocations     | 1 2 |  2.3
Shapeshifting  | 1 2 |  2.5
Spellcasting   | 3 |  3.7
Conjurations   | 1 |  1.9
Hexes          | 1 |  1.9
Summonings     | 1 |  1.9
Necromancy     | 1 |  1.9
Translocations | 1 |  1.9
Transmutations | 1 |  1.9
Ice Magic      | 1 |  1.9
Air Magic      | 1 |  1.9
Earth Magic    | 1 |  1.9
Poison Magic   | 1 |  1.9
Fighting       | 7 |  7.0
Axes           | 7 |  7.0
Fire Magic     | |  5.8

Action                     |  1- 3 |  4- 6 |  7- 9 || total
---------------------------+-------+-------+-------++-------
  Melee: Hand axe          |    84 |    83 |    10 ||   177
         Bite              |     8 |    13 |       ||    21
         Dagger            |     5 |       |       ||     5
         Punch             |     1 |     1 |       ||     2
   Cast: Scorch            |     4 |    22 |     6 ||    32
         Summon Small Mamm |       |       |     1 ||     1
 Invoke: Fiery Armour      |     1 |     1 |       ||     2
    Use: Scroll            |       |     5 |     1 ||     6
         Potion            |       |     4 |       ||     4
   Stab: Sleeping          |     1 |       |     1 ||     2
 Armour: Robe              |    54 |    76 |    13 ||   143
  Dodge: Dodged            |    56 |    71 |     6 ||   133

Table legend: (Time is in decaauts)
 A = Elapsed time spent in this place.
 B = Non-inter-level travel time spent in this place.
 C = Inter-level travel time spent in this place.
 D = Time resting spent in this place.
 E = Time spent auto-exploring this place.
 F = Levels seen in this place.
 G = Mean time per level.
                   A        B        C        D        E       F      G
               +--------+--------+--------+--------+--------+-----+--------+
         Total |   3132 |   3060 |     72 |    576 |   1469 |   5 |  626.4 |
       Dungeon |   3132 |   3060 |     72 |    576 |   1469 |   5 |  626.4 |
               +--------+--------+--------+--------+--------+-----+--------+

Top non-repeatable levels by time:
     D:2: 1102 daAuts
     D:3: 1025 daAuts
     D:1: 807 daAuts
     D:4: 153 daAuts
     D:5: 43 daAuts
